 Dungeon Crawl Stone Soup version 0.22-a0-322-g60b3cfd (webtiles) character file.

372 xccam the Chopper (level 7, -12/52 HPs)
             Began as a Formicid Fighter on Apr 2, 2018.
             Killed by divine providence
             ... invoked by an orc priest
              (13 damage)
             ... on level 3 of the Dungeon.
             The game lasted 00:06:32 (1804 turns).

xccam the Chopper (Formicid Fighter)                Turns: 1804, Time: 00:06:33

Health: -12/52     AC: 11    Str: 27    XL:     7   Next: 2%
Magic:  6/6        EV:  8    Int: 13    God:
Gold:   134        SH: 10    Dex: 12    Spells: 6/6 levels left

rFire    . . .     SeeInvis +   a - +0 war axe
rCold    . . .     Gourm    .   c - +0 shield
rNeg     . . .     Faith    .   q - +4 ring mail
rPois    .         Spirit   .   (helmet unavailable)
rElec    .         Reflect  .   (no cloak)
rCorr    .         Harm     .   (no gloves)
MR       .....                  (no boots)
Stlth    +.........             (no amulet)
HPRegen  0.17/turn              (no ring)
MPRegen  0.10/turn              (no ring)

@: mighty, brilliant, flying
A: permanent stasis, dig shafts and tunnels, four strong arms, antennae 3,
molten scales 1, thin skeletal structure 1, low mp 1, no potion heal 1
a: Dig, Shaft Self


You were on level 3 of the Dungeon.
You were not hungry.

You visited 1 branch of the dungeon, and saw 3 of its levels.

You collected 134 gold pieces.

Inventory:

Hand Weapons
 a - a +0 war axe (weapon)
Armour
 c - a +0 shield (worn)
 q - a +4 ring mail (worn)
Scrolls
 h - a scroll of fog {unknown}
 i - a scroll of blinking {unknown}
 j - 3 scrolls of fear {unknown}
 k - 3 scrolls of teleportation {unknown}
 l - 6 scrolls of remove curse {unknown}
 m - a scroll of magic mapping {unknown}
 o - 2 scrolls of identify {unknown}
 p - a scroll of random uselessness {unknown}
 s - a scroll of enchant armour {unknown}
Potions
 g - a potion of brilliance
Comestibles
 f - 4 rations


   Skills:
 - Level 3.2 Fighting
 + Level 6.9 Axes
 - Level 3.2 Armour
 - Level 3.6 Shields


You had 6 spell levels left.
You didn't know any spells.

Dungeon Overview and Level Annotations

Branches:
Dungeon (3/15)

Altars:


Innate Abilities, Weirdness & Mutations

You cannot be hasted, slowed, berserked, paralysed or teleported.
You can dig through walls and to a lower floor.
Your four strong arms can wield two-handed weapons with a shield.
You have a pair of large antennae on your head. (SInv)
You are partially covered in molten scales. (AC +2)
You have a somewhat thin skeletal structure. (Dex +2, Stealth)
Your magical capacity is low. (-10% MP)
Potions are less effective at restoring your health.


Message History

You barely miss the orc priest.
The orc priest is almost dead.
You hit the worm.
The orc priest calls down the wrath of Beogh upon you.
Beogh smites you!
* * * LOW HITPOINT WARNING * * *
Unknown command.
You closely miss the orc priest.
The orc priest is almost dead.
You slash the worm!
You kill the worm!
The orc wizard mumbles some strange words.
The orc wizard blinks!
You block the orc priest's attack.
Unknown command.
You slash the orc priest!
You kill the orc priest!
You have reached level 7!
The orc priest calls down the wrath of Beogh upon you.
Beogh smites you!
You die...

#..[......# .....
#.........# #...#
#......<..####...#
#............#...#
#.......####.#...#
#.......+....#..$#
.......###......#
...... #.###†##
##### #. #@# #+
#)# .o§ { .....
....... .........
...$.$.....
#############


You could see an orc priest.

Vanquished Creatures
  Grinder (D:3)
  An orc priest (D:3)
  A gnoll (D:1)
  4 adders (D:2)
  An ooze (D:1)
  3 worms
  3 dart slugs
  2 leopard geckos (D:1)
  3 orcs (D:3)
  7 ball pythons (D:2)
  4 giant cockroaches
  8 goblins
  8 hobgoblins
  4 jackals (D:2)
  8 kobolds
  6 bats
  5 frilled lizards
  4 rats
73 creatures vanquished.

Notes
Turn   | Place    | Note
-------+----------+-------------------------------------------
     0 | D:1      | xccam the Formicid Fighter began the quest for the Orb.
     0 | D:1      | Reached XP level 1. HP: 18/18 MP: 1/1
    81 | D:1      | Reached XP level 2. HP: 13/24 MP: 2/2
   249 | D:1      | Reached skill level 3 in Axes
   418 | D:1      | Reached XP level 3. HP: 28/29 MP: 3/3
   746 | D:2      | Reached skill level 4 in Axes
   746 | D:2      | Reached XP level 4. HP: 29/35 MP: 4/4
  1381 | D:2      | Reached XP level 5. HP: 41/41 MP: 5/5
  1463 | D:2      | Reached skill level 5 in Axes
  1784 | D:3      | Noticed Grinder
  1791 | D:3      | Killed Grinder
  1791 | D:3      | Reached skill level 6 in Axes
  1791 | D:3      | Reached XP level 6. HP: 31/47 MP: 6/6
  1797 | D:3      | Gained mutation: You are partially covered in molten scales. (AC +2) [potion of mutation]
  1797 | D:3      | Gained mutation: Your magical capacity is low. (-10% MP) [potion of mutation]
  1797 | D:3      | Gained mutation: Potions are less effective at restoring your health. [potion of mutation]
  1797 | D:3      | Gained mutation: You have a somewhat thin skeletal structure. (Dex +2, Stealth) [potion of mutation]
  1802 | D:3      | HP: 1/47 [orc priest/divine providence (12)]
  1804 | D:3      | Reached XP level 7. HP: 1/52 MP: 6/6
  1804 | D:3      | Killed from afar by an orc priest

Vault maps used:
D:1:      eino_arrival_druids_welcome, hex_intersection, feat_on_display
D:2:      first_ration, minmay_snake_closets
D:3:      chequers_ecumenical_altar_simple, portal_sewer_entry_e, uniq_grinder

Skill      XL: |  1  2  3  4  5 |
---------------+----------------+-----
Axes           | 3 4 6 |  6.9
Fighting       | |  3.2
Armour         | |  3.2
Shields        | |  3.6

Action                   |  1- 3 |  4- 6 |  7- 9 || total
-------------------------+-------+-------+-------++-------
Melee: War axe           |    88 |   149 |       ||   237
  Use: Potion            |       |     6 |       ||     6
  Eat: Chunk             |       |     3 |       ||     3
Armor: Scale mail        |    39 |    55 |       ||    94
       Ring mail         |       |     4 |       ||     4
Dodge: Dodged            |    31 |    47 |       ||    78
Block: Shield            |    57 |    86 |       ||   143

Table legend:
 A = Spawn XP
 B = Non-spawn XP
 C = Spawn XP percentage of total XP
 D = Spawn monster count
 E = Non-spawn monster count
 F = Spawn count percentage of total count
 G = Total turns spent on level
                    A         B        C        D         E        F      G
               +---------+---------+-------+---------+---------+-------+---------
         Total |       0 |     532 |   0.0 |       0 |      73 |   0.0 |  1804
               +---------+---------+-------+---------+---------+-------+---------
           D:1 |       0 |      56 |   0.0 |       0 |      20 |   0.0 |   656
           D:2 |       0 |     118 |   0.0 |       0 |      38 |   0.0 |   998
           D:3 |       0 |     358 |   0.0 |       0 |      15 |   0.0 |   150
               +---------+---------+-------+---------+---------+-------+---------
